 Dungeon Sprint DCSS version 0.32-a0-468-g38b2580584 (webtiles) character file.

Game seed: 16939703082657761536

1142 rocky1 the Grappler (level 8, -2/88 HPs)
             Began as a Troll Monk on Feb 25, 2024.
             Was an Initiate of Gozag.
             Slain by a komodo dragon (20 damage)
             ... in the Dungeon (Sprint IX: "|||||||||||||||||||||||||||||").
             The game lasted 00:00:58 (125 turns).

rocky1 the Grappler (Troll Monk)                     Turns: 125, Time: 00:00:59

Health: -2/88      AC:  7    Str: 25    XL:     8   Next: 15%
Magic:  7/7        EV: 13    Int:  6    God:    Gozag
Gold:   0          SH:  0    Dex: 12    Spells: 7/7 levels left

rFire   . .          .
                       - Unarmed
rCold   . . .        c - orb {light}
rNeg    . . .        a - +0 robe
rPois   .            (helmet restricted)
rElec   .            m - +0 cloak
rCorr   .            (gloves unavailable)
SInv    .            (boots unavailable)
Will    .....        (no amulet)
Stlth   +            n - +2 ring of protection
HPRegen 1.14/turn    o - +3 ring of strength
MPRegen 0.10/turn

%: no teleportation
@: glowing
A: large, unfitting armour, claws 3, regeneration 1, shaggy fur 1, tough skin 1
a: Renounce Religion, Potion Petition, Call Merchant, Bribe Branch


You were in the Dungeon.
You worshipped Gozag.
Gozag was noncommittal.
You visited 1 branch

Inventory:

Armour
 a - a +0 robe (worn)
 c - an orb of light (worn)
 m - a +0 cloak (worn)
Jewellery
 n - a +2 ring of protection (left claw)
 o - a +3 ring of strength (right claw)
Wands
 l - a wand of light (10)
Scrolls
 i - 2 scrolls of blinking
 k - 2 scrolls of amnesia
Potions
 b - a potion of ambrosia
 d - 5 potions of curing
 e - a potion of heal wounds
 f - a potion of haste
 g - 4 potions of magic
 h - a potion of berserk rage
 j - a potion of invisibility


   Skills:
 + Level 8.2 Fighting
 + Level 8.7 Dodging
 + Level 12.3 Unarmed Combat


You had 7 spell levels left.
You didn't know any spells.
Your spell library was empty.

Dungeon Overview and Level Annotations

Branches:
Dungeon (1/1)

Altars:
Cheibriados
Dithmenos
Elyvilon
Fedhas
Gozag
Hepliaklqana
Kikubaaqudgha
Makhleb
Nemelex Xobeh
Okawaru
Qazlal
Ru
Sif Muna
Trog
Uskayaw
Vehumet
Wu Jian
Xom
Yredelemnul
Zin
The Shining One
Beogh
Jiyva
Lugonu


Innate Abilities, Weirdness & Mutations

You are too large for most types of armour.
You have claws for hands.
Your natural rate of healing is unusually fast.
You are covered in fur. (AC +1)
You have tough skin. (AC +1)


Message History

You barely miss the hornet.
The hornet is no longer distracted by gold.
The hornet buzzes angrily.
The hornet is distracted by your dazzling golden aura.
The hornet buzzes angrily.
You mangle the hornet!!
The hornet is no longer distracted by gold.
The hornet is almost dead.
The hornet stings you.
You feel yourself slow down.
You closely miss the hornet.
The hornet is almost dead.
You feel yourself speed up.
The hornet stings you but does no damage. x2
You closely miss the hornet.
The hornet is almost dead.
The hornet barely misses you.
You claw the hornet!
You kill the hornet!
Your Fighting skill increases to level 8!
Your Unarmed Combat skill increases to level 12!
You have reached level 8!
You mangle the komodo dragon!!
The komodo dragon is heavily wounded.
The komodo dragon bites you!!
You claw the komodo dragon!
The komodo dragon is severely wounded.
You scratch the komodo dragon but do no damage.
The komodo dragon is severely wounded.
The komodo dragon bites you!!
* * * LOW HITPOINT WARNING * * *
You claw the komodo dragon!
The komodo dragon is almost dead.
The komodo dragon closely misses you.
You feel much better. The komodo dragon bites you!!
* * * LOW HITPOINT WARNING * * *
You claw the komodo dragon!
The komodo dragon is almost dead.
The komodo dragon bites you!!
You die...
Your body crumbles into a pile of gold.

▓)▓
▓.▓
▓.▓
▓[▓
▓[▓
▓.▓
▓.▓
▓$▓
▓@▓
▓l▓
▓o▓
▓.▓
▓.▓
▓.▓
▓+▓


You could see a komodo dragon and an orc warrior.

Vanquished Creatures
  A gargoyle (D)
  An unseen horror (D)
  A troll (D)
  A hornet (D)
  A scorpion (D)
  A jelly (D)
  A bombardier beetle (D)
  A sleepcap (D)
  An adder (D)
  An endoplasm (D)
  A giant cockroach (D)
  A hobgoblin (D)
  A bat (D)
  A rat (D)
14 creatures vanquished.

Notes
Turn   | Place    | Note
-------+----------+-------------------------------------------
     0 | D        | rocky1 the Troll Monk began the quest for the Orb.
     0 | D        | Reached XP level 1. HP: 22/22 MP: 0/0
    18 | D        | Noticed a scorpion
    18 | D        | Noticed a bombardier beetle
    18 | D        | Noticed a jelly
    18 | D        | Noticed a sleepcap
    27 | D        | Killed a scorpion
    28 | D        | Reached skill level 5 in Unarmed Combat
    28 | D        | Reached XP level 2. HP: 28/32 MP: 1/1
    28 | D        | Reached XP level 3. HP: 34/39 MP: 2/2
    31 | D        | Reached skill level 6 in Unarmed Combat
    31 | D        | Reached XP level 4. HP: 47/49 MP: 3/3
    32 | D        | Reached skill level 5 in Fighting
    34 | D        | Reached skill level 5 in Dodging
    39 | D        | Reached skill level 7 in Unarmed Combat
    39 | D        | Reached XP level 5. HP: 55/57 MP: 4/4
    45 | D        | Found a roughly hewn altar of Beogh.
    45 | D        | Found a snail-covered altar of Cheibriados.
    45 | D        | Found a shadowy altar of Dithmenos.
    45 | D        | Found a white marble altar of Elyvilon.
    45 | D        | Found a blossoming altar of Fedhas.
    45 | D        | Found an opulent altar of Gozag.
    46 | D        | Found a hazy altar of Hepliaklqana.
    47 | D        | Found a viscous altar of Jiyva.
    48 | D        | Found an ancient bone altar of Kikubaaqudgha.
    49 | D        | Found a corrupted altar of Lugonu.
    50 | D        | Found a burning altar of Makhleb.
    51 | D        | Found a sparkling altar of Nemelex Xobeh.
    52 | D        | Found an iron altar of Okawaru.
    53 | D        | Became a worshipper of Gozag Ym Sagoz the Greedy
    56 | D        | Found a stormy altar of Qazlal.
    57 | D        | Found a sacrificial altar of Ru.
    58 | D        | Found a shimmering blue altar of Sif Muna.
    59 | D        | Found a bloodstained altar of Trog.
    60 | D        | Found a hide-covered altar of Uskayaw.
    61 | D        | Found a radiant altar of Vehumet.
    62 | D        | Found an ornate altar of the Wu Jian Council.
    63 | D        | Found a shimmering altar of Xom.
    64 | D        | Found a basalt altar of Yredelemnul.
    65 | D        | Found a glowing silver altar of Zin.
    66 | D        | Found a glowing golden altar of the Shining One.
    98 | D        | Noticed an unseen horror
    98 | D        | Noticed a gargoyle
    98 | D        | Noticed a troll
    98 | D        | Noticed a hornet
    98 | D        | Noticed an orc warrior
    98 | D        | Noticed a komodo dragon
   103 | D        | Killed an unseen horror
   104 | D        | Reached skill level 9 in Unarmed Combat
   104 | D        | Reached XP level 6. HP: 39/68 MP: 5/5
   109 | D        | Killed a gargoyle
   110 | D        | Reached skill level 11 in Unarmed Combat
   110 | D        | Reached XP level 7. HP: 24/78 MP: 6/6
   113 | D        | Killed a troll
   119 | D        | Killed a hornet
   120 | D        | Reached skill level 12 in Unarmed Combat
   120 | D        | Reached XP level 8. HP: 58/88 MP: 7/7
   125 | D        | Slain by a komodo dragon

Illustrated notes

Levels and vault maps discovered:
D:        linesprint [early_d, line_temple, items_1, d_10, items_2, lair_1,
          lair_end, items_3, orc_1, orc_end, items_4, d_15, swamp_1, shoals_1,
          snake_1, spider_1, d_20, vaults_1, items_5, swamp_end, shoals_end,
          snake_end, spider_end, vaults_end, d_27, items_6, zot_1, zot_end,
          crypt_end, forest_end, elf_end, slime_end, tomb_end, abyss_end,
          pan_hell_end]

Skill      XL: |  1  2  3  4  5  6  7 |
---------------+----------------------+-----
Fighting       | 4 5 6 7 8 |  8.2
Dodging        | 4 5 7 8 |  8.7
Unarmed Combat | 5 6 7 9 11 12 | 12.3

Action                     |  1- 3 |  4- 6 |  7- 9 || total
---------------------------+-------+-------+-------++-------
  Melee: Unarmed           |    20 |    18 |    13 ||    51
    Use: Potion            |       |       |     2 ||     2
 Armour: Robe              |     8 |    11 |     9 ||    28
  Dodge: Dodged            |     8 |     6 |     6 ||    20

Table legend: (Time is in decaauts)
 A = Elapsed time spent in this place.
 B = Non-inter-level travel time spent in this place.
 C = Inter-level travel time spent in this place.
 D = Time resting spent in this place.
 E = Time spent auto-exploring this place.
 F = Levels seen in this place.
 G = Mean time per level.
                   A        B        C        D        E       F      G
               +--------+--------+--------+--------+--------+-----+--------+
         Total |    117 |    117 |      0 |      0 |      0 |   1 |  117.0 |
       Dungeon |    117 |    117 |      0 |      0 |      0 |   1 |  117.0 |
               +--------+--------+--------+--------+--------+-----+--------+

Top non-repeatable levels by time:
       D: 117 daAuts
